 Dungeon Crawl Stone Soup version 0.27-a0-1299-g1ab19c6527 (webtiles) character file.

Game seed: 2646149427592015862

580385 freelancePsychic the Warrior (level 23, -1/168 (196) HPs)
             Began as a Demonspawn Summoner on June 16, 2021.
             Was the Champion of Ru.
             Slain by Antaeus (6 damage)
             ... on level 7 of Cocytus.
             The game lasted 04:06:41 (64364 turns).

freelancePsychic the Warrior (Demonspawn Summoner) Turns: 64364, Time: 04:06:42

HP:   -1/168 (196)  AC: 16    Str: 12    XL:     23   Next: 91%
MP:   0/43          EV: 21    Int: 38    God:    Ru [******]
Gold: 6418          SH: 14    Dex: 13    Spells: 4/36 levels left

rFire    + + .     SeeInvis .     - Unarmed
rCold    + + +     Faith    .   g - +1 kite shield "Bucvur" {rN+ Int+4}
rNeg     + + .     Spirit   +   j - +3 robe of Clouds {+Thunder rCloud rElec}
rPois    +         Reflect  .   i - +3 hat of Pondering {ponderous, Will+ MP+10 Int+5}
rElec    +         Harm     .   u - +0 cloak "Qoefaevaw" {+Blink rPois rF+}
rCorr    +         Rampage  .   F - +2 pair of gloves
Will     ++...                  (boots unavailable)
Stlth    +.........             Y - amulet "Widas" {Contam rC++ Regen+}
HPRegen  2.38/turn              z - ring of Xom's Flight of Fancy {rC+ rN+ Int+3 Slay+6 Stlth-}
MPRegen  0.56/turn              V - ring "Jeradeum" {rF+ rCorr Int+2}

@: exhausted, hasted, studying 3 skills, heavily drained, very quick
A: hooves 3, yellow scales 3, powered by death 3, magic shield, magic
regeneration, magic link, inability to use devices, inability to train armour,
inexperienced 1, missing an eye
}: 3/15 runes: decaying, serpentine, silver
a: Renounce Religion, Draw Out Power, Power Leap, Apocalypse


You were on level 7 of Cocytus.
You worshipped Ru.
Ru was exalted by your worship.
You visited 13 branches of the dungeon, and saw 53 of its levels.
You also visited: Bailey, Ice Cave and Desolation.

You collected 8320 gold pieces.
You spent 1902 gold pieces at shops.

Inventory:

Hand Weapons
 a - a +9 rapier of speed
Missiles
 t - 8 curare-tipped darts
 I - 9 throwing nets
 L - 6 atropa-tipped darts
Armour
 e - a +0 kite shield
 g - the +1 kite shield "Bucvur" (worn) {rN+ Int+4}
   (You took it off a ragged hierophant in the Desolation of Salt)

   It affects your intelligence (+4).
   It protects you from negative energy.
 i - the +3 hat of Pondering (worn) {ponderous, Will+ MP+10 Int+5}
   (You took it off Gastronok on level 3 of the Lair of Beasts)

   It affects your intelligence (+5).
   It affects your magic capacity (+10).
   It increases your willpower.
 j - the +3 robe of Clouds (worn) {+Thunder rCloud rElec}
   (You found it on level 3 of the Elven Halls)

   It insulates you from electricity.
 u - the +0 cloak "Qoefaevaw" (worn) {+Blink rPois rF+}
   (You found it on level 5 of the Vaults)

   It protects you from fire.
   It protects you from poison.
   It lets you blink.
 F - a +2 pair of gloves (worn)
 K - a +2 helmet of see invisible
 T - a +0 robe
Jewellery
 b - the ring "Peeh" {Wiz rF+ Dex+2}
   (You took it off a ragged hierophant in the Desolation of Salt)

   [ring of wizardry]

   It improves your spell success rate.
   It affects your dexterity (+2).
   It protects you from fire.
 d - the ring "Zynyf" {rN+ SInv}
   (You took it off a ragged hierophant in the Desolation of Salt)

   [ring of see invisible]

   It protects you from negative energy.
   It lets you see invisible.
 o - a +6 ring of strength
 z - the ring of Xom's Flight of Fancy (left hand) {rC+ rN+ Int+3 Slay+6 Stlth-}
   (You bought it in a shop on level 2 of the Snake Pit)

   [ring of protection from cold]

   It affects your intelligence (+3).
   It affects your accuracy and damage with ranged weapons and melee attacks
   (+6).
   It protects you from cold.
   It protects you from negative energy.
   It makes you less stealthy.
 A - a ring of protection from fire
 G - a +6 ring of dexterity
 M - an amulet of magic regeneration
 S - a +4 ring of protection
 V - the ring "Jeradeum" (right hand) {rF+ rCorr Int+2}
   (You bought it in a shop on level 2 of the Orcish Mines)

   [ring of resist corrosion]

   It affects your intelligence (+2).
   It protects you from fire.
   It protects you from acid and corrosion.
 W - a ring of willpower
 X - a ring of magical power
 Y - the amulet "Widas" (around neck) {Contam rC++ Regen+}
   (You bought it in a shop on level 2 of the Orcish Mines)

   [amulet of regeneration]

   It greatly protects you from cold.
   It causes magical contamination when unequipped.
   It increases your rate of health regeneration.
Scrolls
 f - 4 scrolls of amnesia
 h - 6 scrolls of vulnerability
 m - 2 scrolls of brand weapon
 v - 3 scrolls of torment
 w - 5 scrolls of magic mapping
 y - 23 scrolls of identify {@r1}
 D - 2 scrolls of enchant armour
 E - 5 scrolls of teleportation {@r4}
 P - 6 scrolls of fear
 R - 4 scrolls of enchant weapon
 U - a scroll of blinking
 Z - 2 scrolls of fog
Potions
 c - 2 potions of berserk rage
 k - 25 potions of curing {@q1}
 l - 2 potions of resistance
 n - 7 potions of ambrosia
 p - 2 potions of might
 q - 8 potions of attraction
 r - 11 potions of brilliance
 s - a potion of heal wounds {@q2}
 x - 12 potions of flight
 B - 6 potions of haste {@q3}
 C - 4 potions of mutation
 J - 2 potions of magic
 N - 14 potions of lignification
 O - a potion of cancellation
 Q - 2 potions of invisibility


   Skills:
 + Level 19.6 Fighting
 - Level 9.8 Short Blades
 + Level 18.7 Dodging
 - Level 1.7 Stealth
 - Level 15.0 Shields
 + Level 17.1 Unarmed Combat
 - Level 7.1 Spellcasting
 - Level 14.9 Summonings
 - Level 11.1 Translocations
 - Level 8.8 Transmutations
 - Level 6.3 Ice Magic
 - Level 6.9 Air Magic
 - Level 8.8 Earth Magic


You had 4 spell levels left.
You knew the following spells:

 Your Spells              Type           Power      Damage    Failure   Level
a - Summon Small Mammal   Summ           100%       N/A       0%          1
b - Statue Form           Tmut/Erth      46%        N/A       11%         6
c - Call Canine Familiar  Summ           91%        N/A       1%          3
d - Summon Lightning Spi  Summ/Air       77%        N/A       1%          4
e - Summon Hydra          Summ           45%        N/A       4%          7
f - Blink                 Tloc           N/A        N/A       1%          2
g - Call Imp              Summ           91%        N/A       0%          2
h - Malign Gateway        Summ/Tloc      42%        N/A       11%         7

Your spell library contained the following spells:

 Spells                   Type           Power      Damage    Failure   Level
 Beastly Appendage        Tmut           100%       N/A       1%          1
 Freeze                   Ice            100%       1d11      1%          1
 Sandblast                Erth           100%       2d20      1%          1
 Shock                    Conj/Air       100%       1d9       1%          1
 Corpse Rot               Necr/Air       N/A        N/A       1%          2
 Ensorcelled Hibernation  Hex/Ice        74%        N/A       1%          2
 Poisonous Vapours        Pois/Air       80%        N/A       1%          2
 Static Discharge         Conj/Air       40%        N/A       1%          2
 Wereblood                Tmut           69%        N/A       1%          2
 Frozen Ramparts          Ice            100%       1d12      1%          3
 Gell's Gravitas          Tloc           39%        N/A       1%          3
 Ozocubu's Armour         Ice            58%        N/A       1%          3
 Spider Form              Tmut/Pois      23%        N/A       1%          3
 Stone Arrow              Conj/Erth      94%        3d12      1%          3
 Summon Guardian Golem    Hex/Summ       63%        N/A       1%          3
 Airstrike                Air            30%        N/A       1%          4
 Animate Armour           Summ/Erth      100%       N/A       1%          4
 Ice Form                 Ice/Tmut       63%        N/A       1%          4
 Petrify                  Tmut/Erth      69%        N/A       1%          4
 Summon Ice Beast         Ice/Summ       76%        N/A       1%          4
 Animate Skeleton         Necr           26%        N/A       2%          1
 Corona                   Hex            14%        N/A       2%          1
 Foxfire                  Conj/Fire      52%        2x1d6     2%          1
 Magic Dart               Conj           52%        1d5       2%          1
 Pain                     Necr           52%        1d6       2%          1
 Mephitic Cloud           Conj/Pois/Air  31%        N/A       3%          3
 Slow                     Hex            13%        N/A       4%          2
 Sublimation of Blood     Necr           6%         N/A       4%          2
 Leda's Liquefaction      Hex/Erth       23%        N/A       4%          4
 Hailstorm                Conj/Ice       37%        3d9       8%          4
 Confusing Touch          Hex            13%        N/A       9%          3
 Conjure Flame            Conj/Fire      13%        6-21      9%          3
 Dazzling Flash           Conj/Hex       26%        N/A       9%          3
 Inner Flame              Hex/Fire       13%        N/A       9%          3
 Tukima's Dance           Hex            13%        N/A       9%          3
 Vampiric Draining        Necr           6%         2d6       9%          3
 Animate Dead             Necr           6%         N/A       26%         4
 Cause Fear               Hex            6%         N/A       26%         4
 Dispel Undead            Necr           13%        3d9       26%         4
 Fulminant Prism          Conj/Hex       6%         3d7       26%         4
 Sticky Flame             Conj/Fire      13%        2d4       26%         4
 Summon Forest            Summ/Tloc      42%        N/A       1%          5
 Monstrous Menagerie      Summ           45%        N/A       4%          7
 Borgnjor's Vile Clutch   Necr/Erth      23%        N/A       12%         5
 Freezing Cloud           Conj/Ice/Air   23%        6-21      12%         5
 Yara's Violent Unravell  Hex/Tmut       23%        3d10      12%         5
 Lightning Bolt           Conj/Air       20%        1d35      19%         5
 Silence                  Hex/Air        20%        N/A       19%         5
 Metabolic Englaciation   Hex/Ice        18%        N/A       21%         5
 Bolt of Magma            Conj/Fire/Erth 17%        4d9       22%         5
 Summon Horrible Things   Summ           45%        N/A       36%         8
 Eringya's Noxious Bog    Tmut/Pois      23%        N/A       56%         6
 Iron Shot                Conj/Erth      23%        9d5       56%         6
 Agony                    Necr           13%        N/A       58%         5
 Excruciating Wounds      Necr           6%         N/A       58%         5
 Fireball                 Conj/Fire      6%         3d5       58%         5
 Iskenderun's Battlesphe  Conj           13%        2d7       58%         5
 Storm Form               Tmut/Air       32%        N/A       65%         7
 Conjure Ball Lightning   Conj/Air       20%        3x3d6     69%         6
 Haunt                    Necr/Summ      31%        N/A       73%         7
 Simulacrum               Ice/Necr       18%        N/A       75%         6
 Death Channel            Necr           6%         N/A       99%         6
 Discord                  Hex            6%         N/A       100%        8
 Ignition                 Fire           6%         3d4       100%        8
 Polar Vortex             Ice            29%        N/A       100%        9
 Shatter                  Erth           34%        3d28*     100%        9


Dungeon Overview and Level Annotations

Branches:
Dungeon (15/15)            Temple (1/1) D:6            Lair (6/6) D:10
  Swamp (4/4) Lair:3        Snake (4/4) Lair:3        Slime (0/5) Lair:5
    Orc (2/2) D:9             Elf (3/3) Orc:2        Vaults (5/5) D:14
  Crypt (3/3) Vaults:3       Tomb (1/3) Crypt:3      Depths (1/5) D:15
   Hell (visited)             Dis (0/7) Hell            Geh (0/7) Hell
    Coc (7/7) Hell            Tar (0/7) Hell         Bailey (visited)
  IceCv (visited)         Desolation (visited)

Altars:
Ashenzari
Cheibriados
Dithmenos
Elyvilon
Fedhas
Gozag
Hepliaklqana
Kikubaaqudgha
Makhleb
Nemelex Xobeh
Okawaru
Qazlal
Ru
Sif Muna
Trog
Uskayaw
Vehumet
Wu Jian
Xom
Yredelemnul
Zin
The Shining One
Jiyva

Shops:
D:5 *   D:6 **   D:9 [   D:14 =   Orc:1 *:**   Orc:2 (*=*   Snake:2 !=
Snake:3 !(*   Vaults:1 (   Vaults:5 *

Portals:
Hell: Depths:1
Trove: D:13 (give 9 potions of haste)

Annotations:
Lair:6 exclusion: 4 oklob plants
Swamp:4 2 transporters, Hubris850's ghost, adept DrCj
Snake:1 exclusion: shock serpent
Snake:2 3 runed translucent doors
Vaults:1 3 runed translucent doors, Drazool's ghost, adept FoFi
Coc:7 Antaeus


Innate Abilities, Weirdness & Mutations

You have hooves in place of feet.
You are completely covered in yellow scales. (AC +4, rCorr)
You regenerate a lot of health from kills.
When hurt, damage is shared between your health and your magic reserves.
You regenerate magic rapidly.
When low on magic, you restore magic in place of health.
You cannot study or use magical devices.
You cannot train Armour skill.
You are somewhat inexperienced. (-2 XL)
You are missing an eye, making it more difficult to aim.


Message History

The ice beast disappears in a puff of smoke!
Antaeus gestures at you. The flash freeze hits you! You partially resist.
You are encased in ice.
You hit Antaeus.
Antaeus is lightly wounded.
You beat Antaeus into a bloody pulp!!!
Your kick misses Antaeus.
Antaeus is lightly wounded.
Antaeus hits you but does no damage. Antaeus completely misses you.
You pummel Antaeus!! You kick Antaeus, but do no damage.
Antaeus is lightly wounded.
You revert to your normal fleshy form.
Your +2 pair of gloves unmelds from your body.
The +3 robe of Clouds {+Thunder rCloud rElec} unmelds from your body.
Antaeus gestures at you. The bolt of lightning misses you.
The bolt of lightning hits you. You resist.
You reveal the great annihilating truth to your foes!
You feel drained.
You hear a roar!
Antaeus closely misses you. You block Antaeus's attack.
You punch Antaeus! You kick Antaeus.
Antaeus is moderately wounded.
The ice encasing you melts away.
You punch Antaeus!
Antaeus is moderately wounded.
Antaeus gestures at you. The bolt of lightning misses you. x2
Okay, then.
Casting: Summon Hydra (dangerous; 4% risk of failure)
Confirm with . or Enter, or press ? or * to list all spells.
A four-headed hydra appears.
Casting: Summon Hydra (dangerous; 4% risk of failure)
Confirm with . or Enter, or press ? or * to list all spells.
An eight-headed hydra appears.
Antaeus hits you with a +0 hand axe of flaming!!!
* * * LOW HITPOINT WARNING * * *
Antaeus freezes you! You resist.
* * * LOW HITPOINT WARNING * * *
Antaeus burns you.
You die...

.≈≈≈≈...........##*##$,,,* ***,,,
≈≈≈≈≈.........###*#..,,,,* **,,
≈≈≈...........# *#..,*,,** *,,
≈≈≈.........#.##*..#********* *,,
≈≈..........#..##..# **,,***,,
≈≈..........##..#.#* ***,,,,**,,
..........#####D..##***,,,,,,**,,
........### #....##...**,,***,,
...###### *#.@.D...#****** *,,
####**** #..C....## *,, **,,**
*#......## **** *,,
*,,,,****#.......#****,,** *,, ##
*,,,,,,,#.....##...,*,,,,* *,,
.##**,,***......##*###.,,,,,***,,
..#***** ####.###** **#*,,***,,,
...** #.,*,,************,,,
...,** **,,,,,**,,** *,,,≈


You could see Antaeus (ally target), a friendly eight-headed hydra (summoned)
and a friendly four-headed hydra (summoned).

Vanquished Creatures
  An ancient lich (Vaults:5)
  A dread lich (Vaults:5)
  Mara (Vaults:4)
  2 royal mummies (Tomb:1)
  Bai Suzhen (Swamp:2)
  9 shard shrikes
  Frederick (Vaults:2)
  A curse toe (Crypt:3)
  Geryon (Hell)
  A profane servitor (Crypt:3)
  3 bone dragons
  2 tentacled monstrosities (Vaults:1)
  12 Ice Fiends
  3 liches
  A deep elf master archer (Elf:3)
  4 titans (Vaults:5)
  Frances (Swamp:2)
  8 ancient champions
  6 sphinxes
  Murray (Hell)
  4 shadow dragons
  5 tengu reavers (Vaults:5)
  Roxanne (Swamp:2)
  Kirke (Lair:6)
  3 storm dragons
  A fenstrider witch (Swamp:4)
  Donald (Orc:2)
  2 azure jellies (Swamp:4)
  A nagaraja (Snake:4)
  A fire giant (Vaults:3)
  4 revenants
  2 frost giants (Vaults:5)
  A frost giant (shapeshifter) (Vaults:5)
  4 deep elf sorcerers (Elf:3)
  2 imperial myrmidons (Desolation)
  An emperor scorpion (shapeshifter) (Vaults:5)
  2 iron dragons (Hell)
  A cacodemon (Vaults:1)
  6 ghouls
  2 deep elf elementalists (Elf:3)
  14 vault wardens
  A caustic shrike zombie (Crypt:3)
  6 very ugly things
  2 war gargoyles (Hell)
  6 reapers
  15 ironbound preservers
  6 vampire knights
  6 stone giants
  3 elemental wellsprings (Coc:7)
  3 deep elf demonologists
  5 bunyips
  A dire elephant (Vaults:1)
  5 deep elf annihilators
  3 eleionomae
  5 eidola
  A crystal guardian (Desolation)
  6 mummy priests
  13 blizzard demons
  2 ettins (Vaults:5)
  A fire dragon (Depths:1)
  Josephine (D:13)
  6 jiangshi
  5 deep elf death magi
  4 great orbs of eyes
  5 deep elf high priests (Elf:3)
  3 quicksilver dragon zombies
  A shambling mangrove (Swamp:1)
  15 ice dragons
  6 ragged hierophants (Desolation)
  6 servants of whispers (Desolation)
  A rakshasa (D:14)
  5 quicksilver dragon skeletons
  8 yaktaur captains
  39 vault guards
  10 naga warriors
  2 boulder beetles
  2 hell beasts (Depths:1)
  7 peacekeepers
  3 salamander tyrants (Snake:4)
  5 ironbound thunderhulks
  6 hydras
  2 ghost crabs
  3 ironbound frosthearts
  An ogre mage (Vaults:1)
  A death knight (Crypt:2)
  7 centaur warriors
  A catoblepas (Lair:6)
  4 two-headed ogres
  11 anacondas
  A catoblepas (shapeshifter) (Vaults:5)
  11 dancing weapons
  A deep troll shaman (Depths:1)
  11 alligators
  7 death scarabs (Tomb:1)
  4 vampire magi (Crypt:1)
  2 deep troll earth magi
  5 hell hogs
  2 tengu warriors
  4 titan zombies
  An orc high priest (Orc:2)
  4 ironbound beastmasters
  A sun demon (Hell)
  6 shock serpents
  7 spriggans
  8 naga sharpshooters
  A shadow wraith (Crypt:3)
  21 slime creatures
  9 deep elf knights
  7 soul eaters
  3 storm dragon skeletons
  2 titan skeletons (Coc:3)
  2 iron trolls (Depths:1)
  3 goliath frogs
  2 glowing orange brains (Vaults:1)
  35 skeletal warriors
  3 flayed ghosts
  5 naga ritualists
  4 salamander mystics (Snake:4)
  An entropy weaver zombie (Crypt:2)
  36 deep trolls
  A golden dragon zombie (Coc:3)
  4 spriggan druids
  3 swamp dragons
  14 anaconda zombies
  A sea snake (Snake:1)
  14 bog bodies
  7 deep elf archers
  21 ironbound convokers
  Pikel (D:7)
  A golden dragon skeleton (Coc:1)
  6 phantasmal warriors
  10 lindwurms
  An obsidian statue (Vaults:3)
  6 wizards
  5 orc knights
  2 fire giant zombies (Hell)
  5 anaconda skeletons
  16 deep elf pyromancers
  An iron dragon zombie (Coc:3)
  2 wolf spider zombies
  A frost giant zombie (Coc:3)
  13 mana vipers
  19 ugly things
  21 deep elf zephyrmancers
  4 stone giant zombies
  3 manticores
  3 shadow dragon skeletons
  7 necromancers
  A cyclops (D:7)
  12 salamanders
  2 orc sorcerers
  4 will-o-the-wisps
  5 frost giant skeletons
  5 fire giant skeletons
  A water nymph (shapeshifter) (Elf:2)
  3 iron dragon skeletons (Coc:3)
  3 human skeletons (Vaults:3)
  33 black mambas
  A guardian serpent (shapeshifter) (Vaults:5)
  2 molten gargoyles (Hell)
  A dire elephant zombie (Coc:7)
  An ice statue (Coc:7)
  8 guardian serpents
  18 naga magi
  7 rust devils
  13 vault sentinels
  2 large abominations (Elf:1)
  6 smoke demons (Hell)
  5 stone giant skeletons
  2 red draconian zombies
  2 dire elephant skeletons (Coc:1)
  Maggie (D:8)
  15 yaktaurs
  7 cane toads
  4 komodo dragons
  A green draconian zombie (Crypt:3)
  A torpor snail (Lair:6)
  2 anaconda simulacra
  2 kobold demonologists (D:9)
  33 freezing wraiths
  2 spriggan zombies (Hell)
  2 tengu conjurers
  2 elf skeletons (Vaults:3)
  7 tormentors
  A pale draconian skeleton (Crypt:2)
  A minotaur skeleton (Coc:7)
  A yaktaur skeleton (Vaults:3)
  An efreet (D:15)
  A red devil (Hell)
  25 ice devils
  A catoblepas skeleton (Coc:1)
  11 guardian mummies
  A green draconian skeleton (Crypt:1)
  A grey draconian skeleton (Crypt:2)
  10 trolls
  7 tyrant leeches
  A tyrant leech (shapeshifter) (Vaults:5)
  A meliai (shapeshifter) (D:14)
  A queen bee (shapeshifter) (Vaults:2)
  10 hydra zombies
  A death drake zombie (Crypt:1)
  8 polar bears (Lair:6)
  4 hornets
  6 blink frogs
  A wolf spider simulacrum (D:14)
  41 saltlings (Desolation)
  3 hydra skeletons
  2 alligator zombies
  5 ice dragon zombies
  A fire giant simulacrum (Coc:1)
  An ettin zombie (Hell)
  5 raiju (Lair:6)
  2 fire dragon zombies
  An alligator skeleton (Coc:1)
  A shapeshifter (Vaults:4)
  59 flying skulls
  4 air elementals
  7 shadows
  A black mamba skeleton (Tomb:1)
  An ice dragon skeleton (Crypt:1)
  3 vampires (Crypt:2)
  17 wraiths
  6 ettin skeletons
  3 hogs
  5 ushabtiu
  7 wyverns
  A fire dragon skeleton (Coc:5)
  44 yaks
  7 basilisks
  17 water elementals
  A catoblepas simulacrum (Coc:1)
  A sea snake simulacrum (Hell)
  A steam dragon (Lair:2)
  2 fire elementals (Elf:1)
  4 swamp worm simulacra (Swamp:4)
  7 vampire mosquitoes
  9 wargs
  11 hydra simulacra
  A two-headed ogre zombie (Crypt:3)
  13 swamp worms
  A warg (shapeshifter) (Vaults:5)
  10 water moccasins
  4 cane toad zombies
  A merfolk zombie (Coc:7)
  18 hell hounds
  28 nagas
  A naga (shapeshifter) (Vaults:1)
  12 nameless horrors
  A merfolk skeleton (Crypt:3)
  2 swamp dragon zombies
  2 cane toad skeletons
  34 orc warriors
  2 alligator simulacra
  An ettin simulacrum (Crypt:1)
  10 black bears
  6 necrophages
  6 ice beasts
  An elephant zombie (Crypt:3)
  2 ogres
  A boggart (Vaults:2)
  2 boggarts (shapeshifter)
  18 centaurs
  A snapping turtle zombie (Coc:1)
  2 swamp dragon skeletons
  A manticore skeleton (Coc:7)
  18 wolves
  3 phantoms
  4 kobold brigands
  2 bullfrogs
  2 elf zombies
  A yaktaur zombie (Crypt:1)
  3 gnoll sergeants
  2 earth elementals
  A cane toad simulacrum (Coc:3)
  A scorpion (D:5)
  7 killer bees
  A water moccasin skeleton (D:6)
  A queen bee zombie (Crypt:2)
  10 wights
  An elephant simulacrum (IceCv)
  4 electric eels
  5 howler monkeys
  A wolf skeleton (Crypt:3)
  A human zombie (D:10)
  9 centaur zombies
  3 draconian simulacra (IceCv)
  A hound (Lair:2)
  5 gnoll shamans
  Crazy Yiuf (D:3)
  A centaur skeleton (D:7)
  4 jellies
  19 orc priests
  2 bullfrog skeletons
  20 orc wizards
  A scorpion zombie (Crypt:2)
  4 iguanas
  3 troll simulacra (IceCv)
  A wolf simulacrum (IceCv)
  2 killer bee zombies
  3 centaur simulacra
  17 mummies
  2 howler monkey zombies
  An adder (shapeshifter) (Vaults:1)
  5 gnolls
  2 howler monkey skeletons
  A naga simulacrum (IceCv)
  A steam dragon zombie (Crypt:1)
  4 adders
  2 ogre simulacra (IceCv)
  12 white imps
  An ufetubus (D:4)
  4 swamp drake simulacra (Swamp:4)
  An iguana skeleton (Crypt:1)
  3 worms
  A barachi zombie (Crypt:3)
  54 orcs
  6 ball pythons
  5 endoplasms
  An endoplasm (shapeshifter) (Vaults:1)
  4 giant cockroaches
  11 hobgoblins
  15 jackals
  3 quokkas
  A river rat zombie (Crypt:2)
  A ball python skeleton (Crypt:1)
  4 bats
  2 frilled lizards (D:3)
  8 goblins
  9 kobolds
  A kobold skeleton (Crypt:1)
  An orc skeleton (Crypt:3)
  A rat (D:1)
  A pillar of salt (Desolation)
1883 creatures vanquished.

Vanquished Creatures (collateral kills)
  Mennas (Crypt:3)
  2 shard shrikes
  Nikola (Vaults:3)
  Jorgrun (Snake:2)
  A tentacled monstrosity (Vaults:5)
  A lich (Tomb:1)
  2 deep elf blademasters
  A deep elf master archer (Elf:3)
  An eldritch tentacle (Coc:7)
  2 ancient champions (Crypt:3)
  Gastronok (Lair:3)
  A sphinx (Vaults:5)
  A thorn hunter (Swamp:2)
  A revenant (Tomb:1)
  A balrug (Hell)
  An orc warlord (Vaults:3)
  3 deep elf sorcerers (Elf:3)
  Aizul (Snake:1)
  7 vault wardens
  An ironbound preserver (Vaults:2)
  A ghoul (Crypt:3)
  A reaper (Hell)
  2 very ugly things (Vaults:3)
  An elemental wellspring (Coc:7)
  A bunyip (Swamp:2)
  3 deep elf annihilators (Elf:3)
  3 blizzard demons
  3 mummy priests (Tomb:1)
  3 deep elf death magi (Elf:3)
  A jiangshi (Crypt:3)
  Harold (D:10)
  2 deep elf high priests (Elf:3)
  A servant of whispers (Desolation)
  2 salamander tyrants (Snake:4)
  Erolcha (Orc:2)
  3 boulder beetles
  A rakshasa (D:14)
  2 ice dragons (Coc:7)
  A quicksilver dragon skeleton (Coc:7)
  An anaconda (Snake:4)
  2 vault guards
  7 hydras
  An ironbound frostheart (Vaults:3)
  2 centaur warriors
  4 two-headed ogres
  A naga warrior (Snake:3)
  An alligator (Swamp:1)
  2 death scarabs (Tomb:1)
  8 dancing weapons
  6 deep elf knights (Elf:2)
  3 shock serpents
  A storm dragon skeleton (Coc:6)
  A spark wasp zombie (Hell)
  22 skeletal warriors
  An anaconda zombie (Coc:6)
  A golden dragon zombie (Hell)
  2 shadow wraiths (Crypt:3)
  A sea snake (Snake:1)
  2 naga ritualists (Snake:4)
  2 deep trolls
  A spriggan druid (Swamp:2)
  A golden dragon skeleton (Crypt:3)
  3 phantasmal warriors
  2 wizards (Vaults:4)
  4 deep elf archers
  4 bog bodies
  11 deep elf zephyrmancers
  A necromancer (D:15)
  5 orc knights
  A mana viper (shapeshifter) (Vaults:5)
  3 ironbound convokers
  4 deep elf pyromancers
  A harpy (shapeshifter) (Elf:3)
  A stone giant zombie (Hell)
  A mana viper (Snake:1)
  2 orc sorcerers
  3 manticores
  A frost giant zombie (Hell)
  10 ugly things
  A salamander (Snake:4)
  2 stone giant skeletons
  9 black mambas
  A rust devil (Hell)
  A frost giant skeleton (Coc:1)
  9 vault sentinels
  5 cane toads
  A smoke demon (Hell)
  4 ice statues
  A molten gargoyle (Hell)
  A dire elephant skeleton (Crypt:3)
  A kobold demonologist (D:9)
  8 freezing wraiths
  10 yaktaurs
  An emperor scorpion zombie (Coc:5)
  A demonic crawler (Hell)
  A rime drake (Lair:5)
  4 tormentors
  5 komodo dragons
  2 ice devils (Coc:7)
  2 hydra zombies
  A red devil (Hell)
  A tengu conjurer (D:13)
  A troll (shapeshifter) (D:15)
  A polar bear (Lair:6)
  2 tyrant leeches
  2 trolls
  A hornet (Swamp:2)
  4 saltlings (Desolation)
  4 dream sheep (Lair:5)
  A hydra skeleton (Crypt:3)
  3 blink frogs (Lair:4)
  14 slime creatures
  An ice dragon zombie (Hell)
  3 flying skulls
  2 water elementals
  An air elemental (Elf:2)
  3 wraiths (D:13)
  17 yaks
  4 vampires
  2 spriggans (Swamp:2)
  5 wyverns
  2 ushabtiu (Crypt:3)
  A fire elemental (Elf:2)
  An ettin skeleton (D:15)
  6 basilisks
  5 vampire mosquitoes
  8 wargs
  A swamp worm (Swamp:1)
  5 nagas
  An acid dragon (D:9)
  10 water moccasins
  14 hell hounds
  A cane toad skeleton (Coc:6)
  16 orc warriors
  3 ice beasts (IceCv)
  4 black bears (Lair:6)
  2 ogres
  14 wolves
  2 kobold brigands (D:9)
  4 elf zombies (Elf:1)
  3 gnoll sergeants (D:9)
  4 bullfrogs
  A warg skeleton (Crypt:3)
  2 wights
  An elephant simulacrum (IceCv)
  2 electric eels
  4 howler monkeys
  3 nameless horrors
  A hound (D:5)
  2 jellies (D:14)
  3 draconian simulacra (IceCv)
  11 orc priests
  A gnoll shaman (D:9)
  6 orc wizards
  A spriggan simulacrum (IceCv)
  2 troll simulacra (IceCv)
  A centaur simulacrum (IceCv)
  A naga skeleton (Crypt:2)
  A deep dwarf skeleton (Crypt:2)
  A mummy (Tomb:1)
  A howler monkey zombie (D:7)
  4 gnolls
  A howler monkey skeleton (D:7)
  An ogre simulacrum (IceCv)
  A naga simulacrum (IceCv)
  13 white imps
  28 orcs
  A ball python (D:1)
  2 goblins
  A jackal (D:5)
  A kobold (D:1)
542 creatures vanquished.

Vanquished Creatures (others)
  An Ice Fiend (Coc:7)
  40 eldritch tentacles
  A tengu reaver (Vaults:5)
  A deep elf sorcerer (Vaults:5)
  A fire giant (Vaults:5)
  A vault warden (Vaults:5)
  An ironbound preserver (Vaults:3)
  2 deep elf elementalists (Elf:3)
  A vampire knight (Crypt:3)
  2 blizzard demons
  A fire dragon (Depths:1)
  An ettin (Vaults:5)
  A mummy priest (Tomb:1)
  A deep elf death mage (Elf:3)
  A vault guard (Vaults:5)
  2 yaktaur captains
  An ice dragon (Coc:7)
  An ironbound frostheart (Vaults:3)
  2 death scarabs (Tomb:1)
  A tengu warrior (D:13)
  2 hell hogs (Hell)
  A dancing weapon (Elf:3)
  A spriggan (Swamp:3)
  2 deep elf knights (Elf:1)
  A sun demon (Hell)
  An anaconda zombie (Coc:3)
  A skeletal warrior (Coc:3)
  3 deep trolls
  An iron troll (Depths:1)
  A deep elf archer (Elf:2)
  An ironbound convoker (Vaults:2)
  A kraken simulacrum (Coc:3)
  A phantasmal warrior (Vaults:5)
  A deep elf zephyrmancer (Elf:1)
  A wizard (Vaults:4)
  A deep elf pyromancer (Elf:3)
  An orc sorcerer (Orc:2)
  2 salamanders
  2 black mambas
  An iron dragon skeleton (Coc:3)
  2 cane toads
  A bloated husk (Swamp:1)
  2 hornets
  A hydra zombie (Hell)
  A slime creature (Vaults:4)
  2 trolls
  A saltling (Desolation)
  4 flying skulls
  A fire dragon zombie (Coc:1)
  An ushabti (Crypt:3)
  A yak (Lair:4)
  A wyvern (Lair:4)
  2 swamp worms
  A hell hound (Hell)
  A centaur (Orc:2)
  2 bullfrogs
  An elf zombie (Elf:1)
  A centaur zombie (Crypt:1)
  An orc wizard (D:9)
  2 orcs
  A river rat zombie (Crypt:1)
  16 foxfires
  51 fungi
  A pillar of salt (Desolation)
  86 plants
  4 tentacles (Coc:3)
  6 withered plants
283 creatures vanquished.

Grand Total: 2708 creatures vanquished

Notes
Turn   | Place    | Note
-------+----------+-------------------------------------------
     0 | D:1      | freelancePsychic the Demonspawn Summoner began the quest
                  | for the Orb.
     0 | D:1      | Reached XP level 1. HP: 13/13 MP: 3/3
   619 | D:1      | Gained mutation: You are partially covered in yellow
                  | scales. (AC +2) [demonic ancestry]
   619 | D:1      | Reached XP level 2. HP: 14/20 MP: 5/5
   868 | D:1      | Reached skill level 1 in Fighting
  1155 | D:1      | Gained mutation: You regenerate a little health from kills.
                  | [demonic ancestry]
  1155 | D:1      | Reached XP level 3. HP: 26/26 MP: 6/6
  1156 | D:1      | Found a faded altar of an unknown god.
  1231 | D:1      | Learned a level 2 spell: Call Imp
  2041 | D:3      | Gained mutation: You have large cloven feet. [demonic
                  | ancestry]
  2041 | D:3      | Reached XP level 4. HP: 30/33 MP: 7/7
  2078 | D:3      | Reached skill level 2 in Fighting
  2492 | D:3      | Reached XP level 5. HP: 39/39 MP: 8/8
  2724 | D:3      | Found a runed translucent door.
  2725 | D:3      | Noticed Crazy Yiuf
  2732 | D:3      | Killed Crazy Yiuf
  2733 | D:3      | Reached skill level 5 in Summonings
  3159 | D:4      | Noticed an ogre
  3539 | D:4      | Noticed a phantom
  3563 | D:4      | Killed a phantom
  3564 | D:4      | Reached skill level 3 in Fighting
  3564 | D:4      | Reached XP level 6. HP: 40/47 MP: 5/9
  4046 | D:4      | Learned a level 3 spell: Call Canine Familiar
  4085 | D:5      | Entered Level 5 of the Dungeon
  4109 | D:5      | Noticed a two-headed ogre
  4314 | D:5      | Found Ecvi Ewo's Assorted Antiques.
  4343 | D:5      | Reached skill level 4 in Fighting
  4343 | D:5      | Gained mutation: You regenerate magic rapidly. [demonic
                  | ancestry]
  4343 | D:5      | Reached XP level 7. HP: 25/54 MP: 1/10
  4965 | D:5      | Reached skill level 1 in Short Blades
  4965 | D:5      | Reached skill level 1 in Air Magic
  6150 | D:6      | Found Taacaki's Assorted Antiques.
  6239 | D:6      | Found a staircase to the Ecumenical Temple.
  6245 | Temple   | Entered the Ecumenical Temple
  6427 | Temple   | Became a worshipper of Ru the Awakened
  6607 | D:6      | Reached XP level 8. HP: 51/60 MP: 11/11
  7034 | D:6      | Found an opulent altar of Gozag.
  7036 | D:6      | Found Gozag's Platinum Reserve.
  7646 | D:7      | Noticed a cyclops
  7652 | D:7      | Noticed a two-headed ogre
  7664 | D:7      | Killed a cyclops
  7704 | D:8      | Reached skill level 5 in Short Blades
  7704 | D:8      | Reached skill level 5 in Air Magic
  7959 | D:8      | Learned a level 4 spell: Summon Lightning Spire
  8082 | D:8      | Reached skill level 1 in Armour
  8111 | D:8      | Gained mutation: You cannot train Armour skill. [Ru
                  | sacrifice]
  8111 | D:8      | Reached * piety under Ru
  8116 | D:8      | Reached XP level 9. HP: 51/65 MP: 12/12
  8190 | D:8      | HP: 3/66 [yak (10)]
  8909 | D:7      | Reached skill level 5 in Fighting
  9401 | D:7      | Noticed Pikel
  9420 | D:7      | Killed Pikel
  9727 | D:7      | Killed a two-headed ogre
  9728 | D:7      | Reached skill level 6 in Fighting
  9938 | D:8      | Noticed Maggie
 10113 | D:8      | Reached skill level 1 in Shields
 10126 | D:8      | Killed Maggie
 10127 | D:8      | Gained mutation: When hurt, damage is shared between your
                  | health and your magic reserves. [demonic ancestry]
 10127 | D:8      | Reached XP level 10. HP: 31/76 MP: 3/13
 10556 | D:8      | Found a hazy altar of Hepliaklqana.
 10842 | D:9      | Noticed a two-headed ogre
 10852 | D:9      | Killed a two-headed ogre
 10853 | D:9      | Reached skill level 1 in Ice Magic
 11068 | D:9      | Noticed an orc sorcerer
 11078 | D:9      | Noticed a soul eater
 11320 | D:9      | Found a staircase to the Orcish Mines.
 11336 | D:9      | Killed an orc sorcerer
 11492 | D:9      | Noticed a two-headed ogre
 11506 | D:9      | Killed a two-headed ogre
 11642 | D:9      | Noticed a two-headed ogre
 11649 | D:9      | Killed a two-headed ogre
 11700 | D:9      | Noticed a two-headed ogre
 11715 | D:9      | Killed a two-headed ogre
 11716 | D:9      | Reached skill level 5 in Ice Magic
 12339 | D:9      | Reached XP level 11. HP: 81/81 MP: 12/15
 12718 | D:9      | Noticed a two-headed ogre
 12731 | D:9      | Killed a two-headed ogre
 12953 | D:9      | Learned a level 4 spell: Summon Ice Beast
 13342 | D:9      | Reached skill level 5 in Dodging
 13526 | D:9      | Gained mutation: You are somewhat inexperienced. (-2 XL)
                  | [Ru sacrifice]
 13526 | D:9      | Reached XP level 10. HP: 77/77 MP: 14/14
 13526 | D:9      | Reached XP level 9. HP: 71/71 MP: 13/13
 13526 | D:9      | Reached ** piety under Ru
 13526 | D:9      | Reached *** piety under Ru
 13526 | D:9      | Reached **** piety under Ru
 13557 | D:9      | Reached skill level 7 in Fighting
 13693 | D:9      | Noticed a two-headed ogre
 13701 | D:9      | Killed a two-headed ogre
 13767 | D:9      | Found Kuroj's Antique Armour Emporium.
 14015 | D:10     | Entered Level 10 of the Dungeon
 14227 | D:10     | Found an ancient bone altar of Kikubaaqudgha.
 14357 | D:10     | Reached skill level 8 in Fighting
 14705 | D:10     | Noticed Harold
 14737 | D:10     | Killed Harold
 14869 | D:10     | Found a basalt altar of Yredelemnul.
 14976 | D:10     | Found a staircase to the Lair.
 15283 | D:10     | Noticed a two-headed ogre
 15322 | D:10     | Killed a two-headed ogre
 15945 | Lair:1   | Entered Level 1 of the Lair of Beasts
 16415 | Lair:1   | Reached XP level 10. HP: 80/80 MP: 7/14
 16443 | Lair:1   | Gained mutation: You are missing an eye, making it more
                  | difficult to aim. [Ru sacrifice]
 16443 | Lair:1   | Reached ***** piety under Ru
 19373 | Lair:3   | Found a staircase to the Snake Pit.
 19384 | Lair:3   | Gained mutation: You cannot study or use magical devices.
                  | [Ru sacrifice]
 19384 | Lair:3   | Reached ****** piety under Ru
 19418 | Lair:3   | Reached skill level 9 in Fighting
 19640 | Lair:3   | Noticed a five-headed hydra
 19648 | Lair:3   | Killed a five-headed hydra
 19719 | Lair:3   | Reached skill level 10 in Dodging
 19736 | Lair:3   | Noticed Gastronok
 19746 | Lair:3   | Killed Gastronok
 19965 | Lair:3   | Found a staircase to the Swamp.
 20193 | Lair:4   | Reached XP level 11. HP: 69/90 MP: 2/15
 20519 | Lair:4   | Reached skill level 10 in Fighting
 21256 | Lair:4   | Reached skill level 10 in Summonings
 21906 | Lair:5   | Found a staircase to the Slime Pits.
 22272 | Lair:6   | Entered Level 6 of the Lair of Beasts
 22272 | Lair:6   | Noticed Kirke
 22300 | Lair:6   | Identified the +1 pair of boots of the Lily {rElec Dex+3
                  | SInv}
 22377 | Lair:6   | Reached skill level 5 in Spellcasting
 22380 | Lair:6   | Killed Kirke
 22699 | Lair:6   | Reached skill level 11 in Fighting
 24041 | Lair:6   | Reached XP level 12. HP: 83/95 MP: 18/21
 24576 | D:11     | You fall into a shaft and drop 2 floors!
 24768 | D:11     | Found a flagged portal.
 24777 | Bailey   | Entered a bailey
 25663 | Orc:1    | Entered Level 1 of the Orcish Mines
 25700 | Orc:1    | Found Xumomusk's Assorted Antiques.
 25772 | Orc:2    | Entered Level 2 of the Orcish Mines
 25772 | Orc:2    | Noticed Erolcha
 25785 | Orc:2    | Noticed Donald
 25794 | Orc:2    | Killed Donald
 25921 | Orc:2    | Killed Erolcha
 25944 | Orc:1    | Found a frozen archway.
 25946 | Orc:1    | Found Wofriv's Overcharged Wands.
 25953 | IceCv    | Entered an ice cave
 26424 | IceCv    | Found an ancient bone altar of Kikubaaqudgha.
 26906 | Orc:1    | Found Zyuc's Assorted Antiques.
 27037 | Orc:1    | Found Guipi's Book Boutique.
 28069 | Orc:2    | Found Fuseafik's Jewellery Boutique.
 28069 | Orc:2    | Found Plog's Assorted Antiques.
 28071 | Orc:2    | Found Ehoacanwug's Antique Weapon Emporium.
 28073 | Orc:2    | Found Xuriumon's Assorted Antiques.
 28080 | Orc:2    | Bought a fine turquoise ring for 180 gold pieces
 28080 | Orc:2    | Identified the ring "Jeradeum" {rF+ rCorr Int+2} (You
                  | bought it in a shop on level 2 of the Orcish Mines)
 28085 | Orc:2    | Bought a vibrating brass amulet for 140 gold pieces
 28085 | Orc:2    | Identified the amulet "Widas" {Contam rC++ Regen+} (You
                  | bought it in a shop on level 2 of the Orcish Mines)
 28097 | Orc:2    | Bought a fading dagger for 287 gold pieces
 28097 | Orc:2    | Identified the +0 dagger "Nuff" {vorpal, Int+2 Dex+3} (You
                  | bought it in a shop on level 2 of the Orcish Mines)
 28097 | Orc:2    | Bought a twisted dagger for 287 gold pieces
 28097 | Orc:2    | Identified the +9 dagger of Exquisite Torment {venom, rC-
                  | rN+++ Str+3 Dex+6} (You bought it in a shop on level 2 of
                  | the Orcish Mines)
 28207 | Orc:2    | Found a staircase to the Elven Halls.
 29009 | D:13     | Noticed Josephine
 29023 | D:13     | Killed Josephine
 29582 | D:13     | Found a portal to a secret trove of treasure.
 29748 | D:13     | Reached skill level 12 in Fighting
 30131 | D:14     | Gained mutation: You are mostly covered in yellow scales.
                  | (AC +3) [demonic ancestry]
 30131 | D:14     | Reached XP level 13. HP: 97/104 MP: 13/23
 30198 | D:14     | Found a gate to the Vaults.
 30456 | D:14     | Found a hazy altar of Hepliaklqana.
 30584 | D:14     | Found a viscous altar of Jiyva.
 30756 | D:14     | Found Xuuzxir's Jewellery Shoppe.
 30976 | D:15     | Entered Level 15 of the Dungeon
 32139 | D:15     | Reached skill level 13 in Fighting
 32515 | D:15     | Found a staircase to the Depths.
 33147 | Swamp:1  | Entered Level 1 of the Swamp
 33267 | Swamp:1  | Reached skill level 1 in Translocations
 33521 | Swamp:1  | Learned a level 2 spell: Blink
 34118 | Swamp:2  | Noticed a thorn hunter
 34199 | Swamp:2  | Killed a thorn hunter
 34476 | Swamp:2  | Noticed Roxanne
 34668 | Swamp:2  | Killed Roxanne
 34669 | Swamp:2  | Reached skill level 5 in Shields
 34808 | Swamp:2  | Noticed Frances
 34829 | Swamp:2  | Killed Frances
 35223 | Swamp:3  | Reached skill level 1 in Transmutations
 35223 | Swamp:3  | Reached skill level 1 in Earth Magic
 35375 | Swamp:3  | Noticed Bai Suzhen
 35393 | Swamp:3  | Identified the +7 dire flail "Biego" {vorpal, rElec Str+9
                  | Dex-5 SInv}
 35471 | Snake:1  | Entered Level 1 of the Snake Pit
 35606 | Snake:1  | Noticed Aizul
 35638 | Snake:1  | Killed Aizul
 35934 | Snake:1  | Gained mutation: You have hoof-like feet. [demonic
                  | ancestry]
 35934 | Snake:1  | Reached XP level 14. HP: 112/119 MP: 15/24
 35965 | Snake:1  | Learned a level 6 spell: Statue Form
 37169 | Snake:2  | Noticed Jorgrun
 37183 | Snake:2  | Killed Jorgrun
 37338 | Snake:2  | Reached skill level 5 in Transmutations
 37338 | Snake:2  | Reached skill level 5 in Earth Magic
 37502 | Snake:2  | Found Wus Kodo's Distillery.
 37570 | Snake:2  | Found Zengyrch's Jewellery Shop.
 37578 | Snake:2  | Bought the ring of Xom's Flight of Fancy {rC+ rN+ Int+3
                  | Slay+6 Stlth-} for 928 gold pieces
 37871 | Snake:2  | Found a runed translucent gate.
 37871 | Snake:2  | Found a runed translucent gate.
 37873 | Snake:2  | Found a runed translucent gate.
 39640 | Snake:3  | Found Cystytuh's Distillery.
 39644 | Snake:3  | Found Yzaimp's Weapon Shoppe.
 39645 | Snake:3  | Found Saatea's General Store.
 40191 | Snake:4  | Entered Level 4 of the Snake Pit
 41700 | Snake:4  | Gained mutation: When low on magic, you restore magic in
                  | place of health. [demonic ancestry]
 41700 | Snake:4  | Reached XP level 15. HP: 81/113 MP: 16/25
 42038 | Snake:4  | Reached skill level 1 in Unarmed Combat
 42388 | Snake:4  | Got a serpentine rune of Zot
 42672 | Swamp:2  | Killed Bai Suzhen
 42900 | Swamp:3  | Identified the +7 broad axe of the Illusory Yaks {vorpal,
                  | Fragile rPois Int+4}
 42951 | Swamp:3  | Identified the +1 plate armour of Shadows and Fog {+Inv
                  | rF+}
 43206 | Swamp:4  | Entered Level 4 of the Swamp
 43206 | Swamp:4  | Identified a scroll of acquirement
 43209 | Swamp:4  | Acquired a Grand Grimoire
 43556 | Swamp:4  | Found a transporter.
 43559 | Swamp:4  | Noticed a tentacled monstrosity
 43559 | Swamp:4  | Noticed Hubris850's ghost (adept DrCj)
 43626 | Swamp:4  | Found a transporter.
 43688 | Swamp:4  | Identified the +6 short sword "Daqifuh" {vorpal, Dex+4
                  | SInv}
 43690 | Swamp:4  | Paralysed by a fenstrider witch for 7 turns
 43932 | Swamp:4  | Reached skill level 5 in Translocations
 44276 | Swamp:4  | Got a decaying rune of Zot
 44597 | Vaults:1 | Entered Level 1 of the Vaults
 44617 | Vaults:1 | Reached skill level 10 in Shields
 44637 | Vaults:1 | Noticed a tentacled monstrosity
 44646 | Vaults:1 | Killed a tentacled monstrosity
 44647 | Vaults:1 | Reached XP level 16. HP: 132/132 MP: 26/26
 44652 | Vaults:1 | Noticed a tentacled monstrosity
 44672 | Vaults:1 | Killed a tentacled monstrosity
 44695 | Vaults:1 | Found a ruined gateway.
 44705 | Desolati | Entered the Desolation of Salt
 44762 | Desolati | Found the +7 Spriggan's Knife {stab, EV+4 Stlth+}
 44771 | Desolati | Identified the Disquisition on Gliding Ice
 44920 | Desolati | Identified Disic's Grimoire of Necromancy and Lightness
 44934 | Desolati | Identified the +1 war axe "Laokuyn" {holy, rElec}
 44965 | Desolati | Identified the ring "Kutinyw" {Contam Will+ Str+5}
 45190 | Desolati | Identified the +1 kite shield "Bucvur" {rN+ Int+4}
 45190 | Desolati | Identified the ring "Peeh" {Wiz rF+ Dex+2}
 45194 | Desolati | Identified the +1 scimitar "Giant's Foe" {vorpal, rPois rN+
                  | Will+}
 45195 | Desolati | Identified the ring "Zynyf" {rN+ SInv}
 45666 | Vaults:1 | Learned a level 7 spell: Malign Gateway
 46373 | Vaults:1 | Found Myusiv's Weapon Boutique.
 46470 | Vaults:1 | Found a runed translucent gate.
 46470 | Vaults:1 | Found a runed translucent gate.
 46470 | Vaults:1 | Found a runed translucent gate.
 46856 | Vaults:1 | Found a runed translucent gate.
 46856 | Vaults:1 | Found a runed translucent gate.
 46859 | Vaults:1 | Noticed Drazool's ghost (adept FoFi)
 46862 | Vaults:1 | Found a runed translucent gate.
 46919 | Vaults:2 | Gained mutation: You regenerate health from kills. [demonic
                  | ancestry]
 46919 | Vaults:2 | Reached XP level 17. HP: 124/124 MP: 24/27
 47480 | Vaults:2 | Noticed Frederick
 47504 | Vaults:2 | Killed Frederick
 47900 | Vaults:2 | You fall into a shaft and drop 1 floor!
 48015 | Vaults:3 | Reached skill level 10 in Translocations
 48126 | Vaults:3 | Noticed Nikola
 48131 | Vaults:3 | Killed Nikola
 48794 | Vaults:3 | Found a staircase to the Crypt.
 49356 | Vaults:2 | Identified the +7 mace of Fuon {freeze, rF+ rC+ Will-
                  | Stlth+}
 49383 | Vaults:2 | Reached XP level 18. HP: 66/145 MP: 26/28
 49477 | Vaults:2 | Reached skill level 5 in Unarmed Combat
 49815 | Vaults:4 | Noticed Mara
 49818 | Vaults:4 | Noticed freelancePsychic's illusion
 49831 | Vaults:4 | Killed Mara
 50011 | Vaults:4 | Gained mutation: You have hooves in place of feet. [demonic
                  | ancestry]
 50011 | Vaults:4 | Reached XP level 19. HP: 151/151 MP: 29/29
 50740 | Vaults:5 | Entered Level 5 of the Vaults
 51244 | Vaults:5 | Paralysed by a sphinx for 4 turns
 51251 | Vaults:5 | Paralysed by a sphinx for 4 turns
 51324 | Vaults:5 | Reached skill level 10 in Unarmed Combat
 51681 | Vaults:5 | Identified the +7 plate armour of Autumn {-Tele rElec Int+5
                  | Slay+5}
 51681 | Vaults:5 | Identified the +9 trident "Gemnados" {elec, Contam rC+ rN+
                  | Str+5}
 51692 | Vaults:5 | HP: 4/196 [titan (37)]
 51728 | Vaults:5 | Noticed an ancient lich
 51839 | Vaults:5 | Reached skill level 15 in Shields
 51955 | Vaults:5 | Identified the +12 glaive "Qemodo Pienn" {vamp, rC++ rN+
                  | Dex+2 Stlth-}
 52026 | Vaults:5 | Paralysed by a sphinx for 2 turns
 52031 | Vaults:5 | Reached XP level 20. HP: 141/141 MP: 30/30
 52034 | Vaults:5 | Killed an ancient lich
 52072 | Vaults:5 | Reached skill level 14 in Fighting
 52293 | Vaults:5 | Noticed a dread lich
 52405 | Vaults:5 | Acquired 451 gold pieces
 52495 | Vaults:5 | Killed a dread lich
 52694 | Vaults:5 | Found Yxaorufu's General Store.
 52703 | Vaults:5 | Bought a potion of brilliance for 80 gold pieces
 52736 | Vaults:5 | Identified the +4 pearl dragon scales of the Gate {rC+ rN+
                  | rCorr Stlth+}
 52739 | Vaults:5 | Identified the +0 cloak "Qoefaevaw" {+Blink rPois rF+}
 52873 | Vaults:5 | Identified the Papyrus of Blows and Bruises
 52931 | Vaults:5 | Got a silver rune of Zot
 53623 | Elf:1    | Entered Level 1 of the Elven Halls
 53711 | Elf:1    | Learned a level 7 spell: Summon Hydra
 53875 | Elf:1    | Paralysed by an air elemental for 1 turns
 53926 | Elf:1    | Paralysed by an air elemental for 1 turns
 53961 | Elf:1    | Identified the Volume of Necromancy
 54750 | Elf:2    | Found a runed translucent gate.
 54750 | Elf:2    | Found a runed translucent gate.
 54750 | Elf:2    | Found a runed translucent gate.
 55472 | Elf:3    | Entered Level 3 of the Elven Halls
 55530 | Elf:3    | Reached skill level 15 in Fighting
 55687 | Elf:3    | Identified the +10 hand axe "Bataewna" {elec, Will+ Dex+7}
 55830 | Elf:3    | Identified the amulet "Ciul" {Spirit Str+3}
 55975 | Elf:3    | Found the +3 robe of Clouds {+Thunder rCloud rElec}
 56044 | Elf:3    | Gained mutation: You regenerate a lot of health from kills.
                  | [demonic ancestry]
 56044 | Elf:3    | Reached XP level 21. HP: 149/149 MP: 31/31
 56057 | Elf:3    | Identified the +1 ring mail of Syang {Dex+3}
 56585 | Depths:1 | Entered Level 1 of the Depths
 56646 | Depths:1 | Reached skill level 15 in Dodging
 56699 | Depths:1 | Found a gateway to Hell.
 56751 | Hell     | Entered the Vestibule of Hell
 56759 | Hell     | Noticed Geryon
 56787 | Hell     | Noticed Murray
 56806 | Hell     | Killed Murray
 56863 | Hell     | Reached skill level 16 in Fighting
 56962 | Hell     | Killed Geryon
 57049 | Hell     | Found a gateway to the decaying netherworld of Tartarus.
 57196 | Hell     | Found a gateway to the Iron City of Dis.
 57263 | Hell     | Found a gateway to the ashen valley of Gehenna.
 57328 | Hell     | Found a gateway to the freezing wastes of Cocytus.
 57711 | Crypt:1  | Entered Level 1 of the Crypt
 58688 | Crypt:2  | Found an ancient bone altar of Kikubaaqudgha.
 58708 | Crypt:2  | Identified the Tome of the Tick
 59235 | Crypt:3  | Entered Level 3 of the Crypt
 59244 | Crypt:3  | Paralysed by a vampire knight for 3 turns
 59297 | Crypt:3  | Found a staircase to the Tomb.
 59671 | Crypt:3  | Noticed Mennas
 59690 | Crypt:3  | Noticed a curse toe
 59701 | Crypt:3  | Reached XP level 22. HP: 132/174 MP: 32/32
 59702 | Crypt:3  | Reached skill level 17 in Fighting
 59821 | Crypt:3  | Found an ancient bone altar of Kikubaaqudgha.
 59824 | Crypt:3  | Found a basalt altar of Yredelemnul.
 59840 | Crypt:3  | Identified the ring of the Illusory Spines {rN+ Str-2 Dex+2
                  | Stlth+}
 59840 | Crypt:3  | Identified the ring "Nuntaama" {rN+ Will+ Str+5 Stlth+}
 59841 | Crypt:3  | Identified Kikubaaqudgha's Handbook of Evil Rituals
 59873 | Crypt:3  | Identified the Collected Works on Lightness and the Rocks
 59988 | Crypt:3  | Killed Mennas
 60389 | Tomb:1   | Entered Level 1 of the Tomb of the Ancients
 60588 | Tomb:1   | Paralysed by a sphinx for 5 turns
 60674 | Tomb:1   | Noticed a royal mummy
 60687 | Tomb:1   | Killed a royal mummy
 60702 | Tomb:1   | Paralysed by a sphinx for 5 turns
 60823 | Tomb:1   | Noticed a royal mummy
 60844 | Tomb:1   | Killed a royal mummy
 60845 | Tomb:1   | Reached skill level 15 in Unarmed Combat
 61721 | Coc:1    | Entered Level 1 of Cocytus
 61721 | Coc:1    | Found a gateway to Hell.
 61722 | Coc:1    | Noticed a shard shrike
 61723 | Coc:1    | Noticed a shard shrike
 61726 | Coc:1    | Noticed a shard shrike
 61728 | Coc:1    | Killed a shard shrike
 61729 | Coc:1    | Noticed a shard shrike
 61732 | Coc:1    | Killed a shard shrike
 61742 | Coc:1    | Killed a shard shrike
 61748 | Coc:1    | Killed a shard shrike
 61820 | Coc:1    | Reached skill level 18 in Fighting
 62545 | Coc:2    | Found a gateway to Hell.
 62595 | Coc:3    | Found a gateway to Hell.
 62771 | Coc:3    | Found a gateway to Hell.
 62993 | Coc:3    | Gained mutation: You are completely covered in yellow
                  | scales. (AC +4, rCorr) [demonic ancestry]
 62993 | Coc:3    | Reached XP level 23. HP: 192/192 MP: 33/33
 63123 | Coc:4    | Found a gateway to Hell.
 63153 | Coc:5    | Found a gateway to Hell.
 63312 | Coc:5    | Noticed a shard shrike
 63319 | Coc:5    | Killed a shard shrike
 63477 | Coc:5    | Noticed a shard shrike
 63532 | Coc:5    | Found a gateway to Hell.
 63590 | Coc:6    | Found a gateway to Hell.
 63590 | Coc:6    | Noticed a shard shrike
 63590 | Coc:6    | Noticed a shard shrike
 63597 | Coc:6    | Noticed a shard shrike
 63598 | Coc:6    | Killed a shard shrike
 63600 | Coc:6    | Killed a shard shrike
 63602 | Coc:6    | Killed a shard shrike
 63603 | Coc:6    | Noticed a shard shrike
 63604 | Coc:6    | Noticed a shard shrike
 63617 | Coc:6    | Killed a shard shrike
 63620 | Coc:6    | Killed a shard shrike
 63622 | Coc:6    | Reached skill level 19 in Fighting
 63657 | Coc:7    | Entered Level 7 of Cocytus
 63657 | Coc:7    | Found a gateway to Hell.
 63657 | Coc:7    | Found a gateway to Hell.
 63657 | Coc:7    | Found a gateway to Hell.
 64007 | Coc:7    | Noticed a shard shrike
 64028 | Coc:7    | Killed a shard shrike
 64346 | Coc:7    | Noticed Antaeus
 64364 | Coc:7    | HP: 5/168 [Antaeus (6)]
 64364 | Coc:7    | Slain by Antaeus

Illustrated notes

Levels and vault maps discovered:
D:1:      grunt_arrival_lava_bath, layout_loops_ring, basic_ecumenical_altar,
          minmay_vboxes
D:2:      layout_rooms
D:3:      layout_loops_cross, minmay_misc_feat_secret_circle,
          kennysheep_generic_room_13, uniq_crazy_yiuf_cottage
D:4:      layout_loops_cross, general_overflow_altar
D:5:      layout_basic, serial_shops, shop
D:6:      layout_basic, nicolae_gozag_zags_fifth_avenue,
          minmay_temple_entry_ruins, serial_shops, nicolae_shop_behind_doors,
          minivault_10
D:7:      layout_basic, minmay_manual_moon, uniq_pikel
D:8:      layout_cave_pools, gammafunk_temple_overflow_wave, uniq_maggie
D:9:      lemuel_castle_with_subvaults [lemuel_castle_interior_carwin_3],
          layout_stronghold, erik_orc_4, serial_shops,
          nicolae_shop_behind_doors, kennysheep_generic_room_3
D:10:     layout_stronghold, nicolae_overflow_crystal_walls,
          lemuel_mausoleum_altar_kikubaaqudgha, lair_entry_dummy,
          serial_park_tiny_2, uniq_harold
D:11:     layout_loops_ring, enter_bailey_2
D:12:     layout_long_grid
D:13:     layout_small_grid, nicolae_trove_entry_diagonal, uniq_josephine
D:14:     layout_stronghold, lightli_vaults_fourway_checkpoint, serial_shops,
          kennysheep_mini, nicolae_hepliaklqana_hazy_memory, jiyva_altar_1
D:15:     gammafunk_depths_entry_grave, layout_basic, minmay_misc_feat_pillars,
          minmay_circle_x
Temple:   regret_index_temple_sphere_string
Lair:1:   layout_regular_city, grunt_megastairs_5
Lair:2:   beast_lair_carwin_large_4, layout_long_grid, st_stairs_4
Lair:3:   layout_loops_ring, skrybe_swamp_entry_bodies,
          minmay_snake_entry_guardpost_small, chequers_serial_rivers_small_b,
          uniq_gastronok
Lair:4:   layout_loops_ring, beast_lair_carwin_8
Lair:5:   layout_concentric_octagons, dpeg_slime_entry_corner,
          grunt_megastairs_2
Lair:6:   hangedman_lair_caniforms_friends, layout_layer_cave,
          kennysheep_basilisk_garden, minmay_lair_oklob_chamber,
          infiniplex_staircase_pool_2, lemuel_fruit_tree, uniq_kirke
Swamp:1:  layout_basic_swamp, nicolae_swamp_bean_lake
Swamp:2:  layout_falls_marsh, evilmike_swamp_ruin_house_3, uniq_frances,
          uniq_roxanne
Swamp:3:  layout_basic_swamp, hangedman_swamp_ruin_hall, uniq_bai_suzhen
Swamp:4:  swamp_icy, layout_basic_swamp, gammafunk_ghost_arena
Snake:1:  layout_grid_maze, serial_bayou_pond_a, serial_bayou_shore_a,
          grunt_megastairs_4, uniq_aizul
Snake:2:  layout_chambers, basic_altar, nicolae_snake_horde_hoard,
          minmay_shoptagon, grunt_megastairs_3, uniq_jorgrun
Snake:3:  layout_layer_cave, minmay_shop_star
Snake:4:  snake_pit_salamanders_mu, layout_misc_corridors
Orc:1:    layout_caves, serial_shops, shop,
          nicolae_shop_temple_entry_statues_fountains, shop,
          portal_ice_cave_entry_pillars_1, nicolae_shop_overcharged_wands
Orc:2:    st_orc_rangers, layout_caves, uniq_erolcha, uniq_donald
Elf:1:    eino_elf_arrival_the_gate, layout_geoelf_grid, minmay_elf_necromancy
Elf:2:    layout_loops_cross
Elf:3:    minmay_elf_hall_spiked, layout_rooms
Vaults:1: ploomutoo_gammafunk_vaults_ghost_potion_laboratory,
          nicolae_vaults_little_squares_4, st_star,
          nicolae_vaults_windows_and_doors_thing, ontoclasm_vaults_ligature,
          ontoclasm_vaults_spin, nicolae_vaults_circle_grid_a,
          ontoclasm_vaults_fault, nicolae_vaults_diagonal_hallway_8,
          nicolae_vaults_little_squares_3, vaults_room_door_ring,
          vaults_room_pools, layout_vaults_omnibox, serial_shops,
          nicolae_shop_behind_doors, portal_desolation_entry_nicolae_slug
Vaults:2: nicolae_vaults_three_branches, dpeg_vaults_monster_row,
          hangedman_vaults_stagger, vaults_dpeg_hooks, v_rooms_6, v_misc_16,
          v_misc_33, v_misc_18, vaults_room_pools, ontoclasm_vaults_misaligned,
          layout_vaults_big_room, uniq_frederick
Vaults:3: grunt_vaults_bifocal, vaults_mumra_hexcomb, vaults_room_pool,
          nicolae_vaults_gold_heap, vaults_mumra_minichess,
          nicolae_vaults_diagonal_hallway_8, ontoclasm_vaults_misaligned,
          vaults_room_door_hall, vaults_standard_mumra_x, v_pattern_1,
          minmay_crypt_entry_skeletal_spiral, nicolae_vaults_statue_guard,
          layout_vaults_ring, uniq_nikola
Vaults:4: vaults_mumra_hex, v_misc_4, vaults_room_pools,
          hangedman_vaults_variations, nicolae_vaults_asterisk,
          nicolae_vaults_border_crossing, nicolae_vaults_asterisk,
          hangedman_vaults_corner, hangedman_vaults_maws,
          layout_vaults_omnigrid, uniq_mara
Vaults:5: serial_shops
Crypt:1:  layout_chaotic_city
Crypt:2:  layout_chaotic_city, weyrava_vampire_temple, grunt_megastairs_1
Crypt:3:  lightli_unholy_cathedral, layout_chaotic_city,
          nicolae_tomb_entry_rubble_hallway, minmay_misc_feat_columns,
          grunt_ministairs_4, uniq_mennas
Tomb:1
Depths:1: minmay_bloctagon_deflated, layout_basic, enter_ziggurat_b,
          hangedman_decor_clover_reticule, grunt_mini_vestibule,
          grunt_qazlal_clouds, firewood_loft
Hell
Coc:1:    layout_ice_bergs
Coc:2:    layout_cocytus_water_paths
Coc:3:    layout_cocytus_water_paths
Coc:4:    layout_cocytus_water_paths
Coc:5:    layout_ice_bergs
Coc:6:    layout_cocytus_water_paths
Coc:7:    coc_grunt_cove [coc_grunt_cove_antaeus, coc_grunt_cove_fiend,
          coc_grunt_cove_fiend, coc_grunt_cove_fiend, coc_grunt_cove_fiend]

Skill      XL: |  1  2  3  4  5  6  7  8  9 10 11 12 13 14 15 16 17 18 19 20 21 22 23 |
---------------+----------------------------------------------------------------------+-----
Dodging        | 2 3 4 7 10 5 12 13 14 16 17 18 | 18.7
Fighting       | 1 2 3 4 8 9 11 12 13 15 16 18 19 | 19.6
Summonings     | 5 6 7 9 11 12 14 | 14.9
Short Blades   | 2 5 6 8 9 |  9.8
Air Magic      | 3 5 6 |  6.9
Armour         | 0 |  0.0
Shields        | 2 4 5 10 12 13 15 | 15.0
Ice Magic      | 5 6 |  6.3
Spellcasting   | 3 6 7 |  7.1
Translocations | 3 5 7 11 | 11.1
Transmutations | 3 8 |  8.8
Earth Magic    | 3 8 |  8.8
Unarmed Combat | 4 7 10 12 14 15 17 | 17.1
Stealth        | |  1.7

Action                   |  1- 3 |  4- 6 |  7- 9 | 10-12 | 13-15 | 16-18 | 19-21 | 22-24 || total
-------------------------+-------+-------+-------+-------+-------+-------+-------+-------++-------
Melee: Mace              |    33 |       |       |       |       |       |       |       ||    33
       Unarmed           |    11 |       |       |    10 |       |    93 |  1451 |  1496 ||  3061
       Short sword       |    92 |   116 |   617 |   292 |       |       |       |       ||  1117
       Kick              |       |    27 |   241 |   577 |   482 |   322 |   381 |   387 ||  2417
       Rapier            |       |       |   201 |  2342 |  2168 |  1065 |       |       ||  5776
 Cast: Summon Small Mamm |    12 |       |       |       |     1 |     2 |       |     1 ||    16
       Call Imp          |       |     9 |    14 |       |       |       |       |       ||    23
       Call Canine Famil |       |     4 |    23 |    18 |     9 |       |       |       ||    54
       Summon Lightning  |       |       |    11 |   117 |    56 |    13 |     2 |       ||   199
       Summon Ice Beast  |       |       |    10 |    86 |    95 |       |       |       ||   191
       Blink             |       |       |       |       |     1 |       |       |       ||     1
       Statue Form       |       |       |       |       |    41 |    58 |    97 |    59 ||   255
       Malign Gateway    |       |       |       |       |       |    10 |    20 |    11 ||    41
       Summon Hydra      |       |       |       |       |       |       |    99 |    54 ||   153
Invok: Sacrifice Durabil |       |       |     1 |       |       |       |       |       ||     1
       Sacrifice Experie |       |       |     1 |       |       |       |       |       ||     1
       Apocalypse        |       |       |       |    10 |     7 |     8 |     8 |     5 ||    38
       Sacrifice Artific |       |       |       |     1 |       |       |       |       ||     1
       Sacrifice an Eye  |       |       |       |     1 |       |       |       |       ||     1
       Draw Out Power    |       |       |       |     3 |     9 |     2 |     6 |       ||    20
       Power Leap        |       |       |       |     2 |       |       |     1 |       ||     3
 Abil: End Transformatio |       |       |       |       |       |       |     1 |       ||     1
  Use: Scroll            |       |     9 |    11 |    19 |    12 |     3 |    13 |     2 ||    69
       Potion            |       |       |     1 |     2 |     5 |     4 |    12 |     2 ||    26
 Stab: Sleeping          |     3 |       |       |       |       |       |       |       ||     3
       Distracted        |       |     1 |     9 |    28 |    21 |    11 |    13 |    11 ||    94
       Invisible         |       |       |     2 |    19 |    30 |     8 |    10 |    14 ||    83
       Paralysed         |       |       |       |    22 |    13 |    11 |    18 |    22 ||    86
       Petrified         |       |       |       |    10 |       |       |     2 |       ||    12
Armor: Robe              |    30 |       |       |       |       |       |    22 |    55 ||   107
       Ring mail         |    22 |    59 |   302 |   629 |    83 |       |       |       ||  1095
       Swamp dragon scal |       |       |       |       |   264 |       |       |       ||   264
       Skin              |       |       |       |       |   350 |   469 |   989 |  1007 ||  2815
Dodge: Dodged            |    93 |    78 |   313 |  1002 |   970 |   613 |  1354 |  1711 ||  6134
Block: Other             |       |    18 |    82 |     2 |       |       |       |       ||   102
       Reflection        |       |     4 |     5 |     4 |       |       |       |       ||    13
       Buckler           |       |       |   165 |   441 |   332 |       |       |       ||   938
       Kite shield       |       |       |       |       |    70 |   616 |  1336 |  1528 ||  3550

Table legend: (Time is in decaauts)
 A = Elapsed time spent in this place.
 B = Non-inter-level travel time spent in this place.
 C = Inter-level travel time spent in this place.
 D = Time resting spent in this place.
 E = Time spent auto-exploring this place.
 F = Levels seen in this place.
 G = Mean time per level.
                   A        B        C        D        E       F      G
               +--------+--------+--------+--------+--------+-----+--------+
         Total |  68876 |  64148 |   4728 |   5536 |  40017 |  56 | 1229.9 |
       Dungeon |  21745 |  19817 |   1928 |   2700 |  13176 |  15 | 1449.7 |
        Temple |    195 |    139 |     56 |      0 |    134 |   1 |  195.0 |
          Lair |   8085 |   7610 |    475 |    557 |   5544 |   6 | 1347.5 |
         Swamp |   4604 |   4310 |    294 |    412 |   2553 |   4 | 1151.0 |
     Snake Pit |   6977 |   6596 |    381 |    507 |   4521 |   4 | 1744.2 |
  Orcish Mines |   1643 |   1425 |    218 |    112 |    733 |   2 |  821.5 |
   Elven Halls |   3690 |   3577 |    113 |     85 |   2275 |   3 | 1230.0 |
        Vaults |  10222 |   9595 |    627 |    974 |   5709 |   5 | 2044.4 |
         Crypt |   3592 |   3374 |    218 |      4 |   2270 |   3 | 1197.3 |
          Tomb |   1315 |   1218 |     97 |     12 |    465 |   1 | 1315.0 |
        Depths |    379 |    242 |    137 |     10 |    123 |   1 |  379.0 |
          Hell |    891 |    828 |     63 |      0 |    464 |   1 |  891.0 |
       Cocytus |   3424 |   3308 |    116 |      0 |   1037 |   7 |  489.1 |
        Bailey |    241 |    241 |      0 |      0 |    132 |   1 |  241.0 |
      Ice Cave |    843 |    843 |      0 |    160 |    314 |   1 |  843.0 |
    Desolation |   1022 |   1022 |      0 |      0 |    562 |   1 | 1022.0 |
               +--------+--------+--------+--------+--------+-----+--------+

Top non-repeatable levels by time:
     D:9: 3107 daAuts
Vaults:5: 2803 daAuts
 Snake:4: 2177 daAuts
    D:10: 2128 daAuts
Vaults:2: 1944 daAuts
     D:6: 1924 daAuts
  Lair:6: 1892 daAuts
Vaults:4: 1885 daAuts
Vaults:1: 1863 daAuts
  Lair:2: 1849 daAuts
 Snake:3: 1834 daAuts
Vaults:3: 1725 daAuts
    D:14: 1654 daAuts
     D:8: 1608 daAuts
 Snake:1: 1554 daAuts
